 Dungeon Crawl Stone Soup version 0.29.1-15-g9cfb28693d (webtiles) character file.

Game seed: 16720354963988686469

8 McKennaii the Caller (level 1, 0/14 HPs)
             Began as a Demigod Summoner on Feb 23, 2023.
             Slain by a quokka (3 damage)
             ... on level 1 of the Dungeon.
             The game lasted 00:00:35 (620 turns).

McKennaii the Caller (Demigod Summoner)              Turns: 620, Time: 00:00:36

Health: 0/14       AC:  2    Str:  9    XL:     1   Next: 80%
Magic:  4/5        EV: 12    Int: 17    God:
Gold:   41         SH:  0    Dex: 14    Spells: 3/4 levels left

rFire   . . .      SeeInvis .   (no weapon)
rCold   . . .      Faith    .   (no shield)
rNeg    . . .      Spirit   .   a - +0 robe
rPois   .          Reflect  .   (no helmet)
rElec   .          Harm     .   (no cloak)
rCorr   .          Rampage  .   (no gloves)
Will    .....                   (no boots)
Stlth   ++........              (no amulet)
HPRegen 0.04/turn               (no ring)
MPRegen 0.09/turn               (no ring)

@: no status effects
A: high MP 1, forlorn, divine attributes
a: no special abilities


You were on level 1 of the Dungeon.
You visited 1 branch of the dungeon, and saw 1 of its levels.

You collected 41 gold pieces.

Inventory:

Armour
 a - a +0 robe (worn)
Jewellery
 d - a +4 ring of slaying
Scrolls
 c - a scroll of acquirement {unknown}
 e - 2 scrolls of teleportation {unknown}
Potions
 b - a potion of magic


   Skills:
 - Level 1.7 Dodging
 - Level 1.7 Stealth
 + Level 2.1 Spellcasting
 + Level 3.8 Summonings


You had 3 spell levels left.
You knew the following spells:

 Your Spells              Type           Power      Damage    Failure   Level
a - Summon Small Mammal   Summ           56%        N/A       4%          1

Your spell library contained the following spells:

 Spells                   Type           Power      Damage    Failure   Level
 Call Imp                 Summ           14%        N/A       6%          2
 Call Canine Familiar     Summ           14%        N/A       12%         3
 Summon Guardian Golem    Hex/Summ       8%         N/A       26%         3
 Summon Lightning Spire   Summ/Air       8%         N/A       65%         4


Dungeon Overview and Level Annotations

Branches:
Dungeon (1/15)


Innate Abilities, Weirdness & Mutations

You have an increased reservoir of magic. (+10% MP)
You shall have no god before yourself.
Your divine heritage dramatically boosts your attributes as you level up.


Message History

The kobold hits you with a +0 whip.
You barely miss the kobold.
The kobold is moderately wounded.
Your rat bites the kobold.
The kobold dies!
No target in view!
No target in view!
Your rat disappears in a puff of smoke!
You open the door.
There is an open door here.
A quokka comes into view.
A quokka is nearby!
Found a marble ring.
The quokka bites you.
A quokka is nearby!
A quokka is nearby!
A quokka is nearby!
A quokka is nearby!
A quokka is nearby!
A quokka is nearby!
The quokka bites you.
You closely miss the quokka. The quokka bites you. x2
You are too injured to fight recklessly!
You are too injured to fight recklessly!
You swap places.
The quokka bites your rat but does no damage.
Your rat bites the quokka.
You swap places.
The quokka bites you.
* * * LOW HITPOINT WARNING * * *
The quokka attacks as you move away! The quokka barely misses you.
Your rat bites the quokka.
You are too injured to fight recklessly!
You miss the quokka.
The quokka is almost dead.
The quokka bites you but does no damage.
Your rat closely misses the quokka.
You closely miss the quokka.
The quokka is almost dead.
The quokka bites you.
You die...

###### #...=# #....#
#....# #....# #....#
########## #rr..#
....)....# #@...#
.####....#######....#..
.........'..............
.#.#.....###########....
.#.#.....# ....
.#.#..#### ... .#.#..#
.. ...#..#####
...........#


You could see a quokka (ally target) and a friendly rat (summoned).

Vanquished Creatures
  A bat (D:1)
1 creature vanquished.

Vanquished Creatures (collateral kills)
  A dart slug (D:1)
  A hobgoblin (D:1)
  A kobold (D:1)
  A frilled lizard (D:1)
  A rat (D:1)
5 creatures vanquished.

Vanquished Creatures (others)
  A fungus (D:1)
1 creature vanquished.

Grand Total: 7 creatures vanquished

Notes
Turn   | Place    | Note
-------+----------+-------------------------------------------
     0 | D:1      | McKennaii the Demigod Summoner began the quest for the Orb.
     0 | D:1      | Reached XP level 1. HP: 14/14 MP: 5/5
   620 | D:1      | Slain by a quokka

Illustrated notes

Levels and vault maps discovered:
D:1:      wheals_arrival_shading, layout_basic, shapermc_ecumenical_altar_ellora

Skill      XL: |  1 |
---------------+----+-----
Spellcasting   | 2 |  2.1
Dodging        | |  1.7
Stealth        | |  1.7
Summonings     | |  3.8

Action                   || total
-------------------------++-------
Melee: Unarmed           ||    18
       Punch             ||     1
 Cast: Summon Small Mamm ||     9
Armor: Robe              ||     7
Dodge: Dodged            ||     9
